 Seeded DCSS version 0.29.1-12-g30fa7ad0bf (webtiles) character file.

Game seed: 10605803428753896995 (custom seed)

209 MrSixtyFour the Sneak (level 5, 0/27 HPs)
             Began as a Spriggan Brigand on Dec 16, 2022.
             Slain by a river rat (3 damage)
             ... in a sewer.
             The game lasted 00:24:47 (3454 turns).

MrSixtyFour the Sneak (Spriggan Brigand)            Turns: 3454, Time: 00:24:47

Health: 0/27       AC:  3    Str:  7    XL:     5   Next: 55%
Magic:  6/6        EV: 18    Int: 13    God:
Gold:   133        SH:  0    Dex: 18    Spells: 4/4 levels left

rFire   + . .      SeeInvis +   a - +3 dagger (freeze)
rCold   . . .      Faith    .   (no shield)
rNeg    . . .      Spirit   .   b - +0 robe
rPois   .          Reflect  .   (helmet restricted)
rElec   .          Harm     .   c - +0 cloak
rCorr   .          Rampage  .   (gloves unavailable)
Will    .....                   (boots unavailable)
Stlth   ++++......              (no amulet)
HPRegen 0.09/turn               s - ring of protection from fire
MPRegen 0.10/turn               (no ring)

@: flying, very quick
A: very small, no large weapons, unfitting armour, see invisible, speed 3
a: no special abilities


You were in a sewer.
You visited 1 branch of the dungeon, and saw 4 of its levels.
You also visited: Sewer.

You collected 133 gold pieces.

Inventory:

Hand Weapons
 a - a +3 dagger of freezing (weapon)
 x - a +0 shortbow
Missiles
 d - 7 poisoned darts (quivered)
 e - 3 curare-tipped darts
 h - a boomerang
Armour
 b - a +0 robe (worn)
 c - a +0 cloak (worn)
Jewellery
 j - a ring of resist corrosion
 s - a ring of protection from fire (left hand)
Scrolls
 l - a scroll of teleportation
 p - a scroll of silence
 r - a scroll of fog
 t - a scroll of blinking
 v - a scroll of amnesia
Potions
 f - 4 potions of flight
 k - a potion of lignification {unknown}
 n - a potion of ambrosia
 o - a potion of invisibility {unknown}
 q - a potion of mutation {unknown}
 z - a potion of degeneration {unknown}


   Skills:
 + Level 2.5 Fighting
 + Level 3.3 Short Blades
 + Level 3.1 Throwing
 + Level 3.4 Dodging
 + Level 7.0 Stealth


You had 4 spell levels left.
You didn't know any spells.
Your spell library contained the following spells:

 Spells                   Type           Power      Damage    Failure   Level
 Apportation              Tloc           0%         N/A       30%         1
 Tukima's Dance           Hex            0%         N/A       67%         3
 Passage of Golubria      Tloc           0%         N/A       97%         4
 Alistair's Intoxication  Tmut/Pois      0%         N/A       100%        5
 Yara's Violent Unravell  Hex/Tmut       0%         3d3       100%        5


Dungeon Overview and Level Annotations

Branches:
Dungeon (4/15)              Sewer (1/1)
 Temple: D:4-7

Altars:
Vehumet


Innate Abilities, Weirdness & Mutations

You are very small and have problems with some larger weapons.
You are too small for most types of armour.
You have supernaturally acute eyesight. (SInv)
You cover ground extremely quickly. (Speed+++)


Message History

Moving in this stuff is going to be slow.
You open the large door. 3 river rats come into view.
The river rat twitches its whiskers.
You hit the river rat. You freeze the river rat.
The river rat is severely wounded.
You barely miss the river rat.
The river rat is severely wounded.
The river rat barely misses you. The river rat misses you.
The river rat bites you.
You hit the river rat but do no damage.
The river rat is severely wounded.
The river rat closely misses you.
The river rat bites you but does no damage.
The river rat misses you.
You hit the river rat but do no damage.
You enter the shallow water.
Moving in this stuff is going to be slow.
You barely miss the river rat. The river rat bites you!
The river rat attacks as you move away! The river rat misses you.
The river rat attacks as you move away! The river rat misses you.
The river rat barely misses you. The river rat attacks as you move away!
The river rat completely misses you. The river rat attacks as you move away!
The river rat closely misses you.
You closely miss the river rat. The river rat bites you.
The river rat attacks as you move away! The river rat bites you.
* * * LOW HITPOINT WARNING * * *
The river rat attacks as you move away!
The river rat bites you but does no damage.
You feel very buoyant.
You fly up into the air.
The river rat bites you.
* * * LOW HITPOINT WARNING * * *
Throw: 8 darts (poison)
Press: ? - help, Q - select action, (/) - cycle Shift-Dir - straight line, f - river rat
Aim: a river rat (water, 60% to hit)
You throw a poisoned dart. The poisoned dart hits the river rat.
The river rat is poisoned.
You hear a splash.
The river rat bites you.
You die...

##########################
≈≈≈≈≈≈≈~~~.~~.~..~~~~~~~~~
≈≈≈≈≈≈≈~≈≈≈≈≈≈≈≈≈≈≈≈≈≈≈≈≈≈
≈≈≈≈≈≈≈~≈~~...~~~~~~~~~.~.
#######~≈~################
#~r@# ###### #~rr# ....#
#~≈~#####''#####++##
#.~~~~~.............
#~~~~~.~............
#~≈~#####++#####++## #~≈~#
#.≈~# #~≈~#


You could see 3 river rats.

Vanquished Creatures
  2 hounds
  4 adders
  4 river rats
  A worm (D:4)
  A dart slug (D:1)
  An orc (D:3)
  9 bats
  6 endoplasms
  9 goblins
  8 hobgoblins
  4 jackals
  5 quokkas
  5 ball pythons
  5 frilled lizards
  7 kobolds
  A rat (D:2)
72 creatures vanquished.

Vanquished Creatures (others)
  A demonic plant (D:1)
1 creature vanquished.

Grand Total: 73 creatures vanquished

Notes
Turn   | Place    | Note
-------+----------+-------------------------------------------
     0 | D:1      | MrSixtyFour the Spriggan Brigand began the quest for the
                  | Orb.
     0 | D:1      | Reached XP level 1. HP: 10/10 MP: 2/2
   267 | D:1      | Reached skill level 6 in Stealth
   349 | D:1      | Reached XP level 2. HP: 15/15 MP: 3/3
   883 | D:1      | Found a faded altar of an unknown god.
   883 | D:1      | Noticed an ice devil
  1047 | D:2      | Reached XP level 3. HP: 14/18 MP: 4/4
  1733 | D:3      | Reached XP level 4. HP: 23/23 MP: 5/5
  2526 | D:4      | Found a radiant altar of Vehumet.
  2577 | D:4      | Noticed a scorpion
  2910 | D:4      | Found a glowing drain.
  2937 | D:4      | Reached XP level 5. HP: 21/27 MP: 6/6
  2944 | Sewer    | Entered a sewer
  3370 | Sewer    | Reached skill level 7 in Stealth
  3454 | Sewer    | Slain by a river rat

Illustrated notes

Levels and vault maps discovered:
D:1:      ncdulo_lavacross, layout_loops_ring,
          dreamdust_ecumenical_altar_sealed_demon, minivault_26, minmay_cut_off
D:2:      layout_basic
D:3:      layout_loops_cross
D:4:      layout_basic, fiery_altar_vehumet, cheibrodos_sewer_entry_sluice
Sewer:    sewer_fruit_machine

Skill      XL: |  1  2  3  4  5 |
---------------+----------------+-----
Stealth        | 6 7 |  7.0
Dodging        | 2 3 |  3.4
Fighting       | 2 |  2.5
Short Blades   | 3 |  3.3
Throwing       | 3 |  3.1

Action                   |  1- 3 |  4- 6 || total
-------------------------+-------+-------++-------
Melee: Dagger            |    70 |   109 ||   179
       Punch             |     1 |       ||     1
Throw: Dart              |    17 |    22 ||    39
       Boomerang         |     5 |       ||     5
  Use: Scroll            |       |    11 ||    11
       Potion            |       |     5 ||     5
 Stab: Sleeping          |    11 |     3 ||    14
       Distracted        |     1 |       ||     1
Armor: Robe              |     8 |    10 ||    18
Dodge: Dodged            |    31 |    99 ||   130
